 Dungeon Crawl Stone Soup version 0.30-a0-360-g447f08457e (webtiles) character file.

Game seed: 12700166709008481618

81 avis the Chiller (level 4, -6/33 HPs)
             Began as a Demigod Ice Elementalist on Nov 13, 2022.
             Mangled by an ogre
             ... wielding a +0 giant spiked club
              (25 damage)
             ... on level 4 of the Dungeon.
             The game lasted 00:15:41 (2986 turns).

avis the Chiller (Demigod Ice Elementalist)         Turns: 2986, Time: 00:15:41

Health: -6/33      AC: 15    Str:  9    XL:     4   Next: 0%
Magic:  2/10       EV: 12    Int: 17    God:
Gold:   159        SH:  0    Dex: 18    Spells: 1/8 levels left

rFire   . . .      SeeInvis .    d - +0 dagger
rCold   . . .      Faith    .    (no shield)
rNeg    . . .      Spirit   .    a - +0 robe
rPois   .          Reflect  .    (no helmet)
rElec   .          Harm     .    (no cloak)
rCorr   .          Rampage  .    n - +2 pair of gloves
Will    .....                    (no boots)
Stlth   ++........               (no amulet)
HPRegen 0.25/turn                v - +4 ring of protection
MPRegen 0.12/turn                (no ring)

@: ice-armoured, freezing walls
A: high MP 1, forlorn, divine attributes
a: no special abilities


You were on level 4 of the Dungeon.
You visited 1 branch of the dungeon, and saw 4 of its levels.

You collected 159 gold pieces.

Inventory:

Hand Weapons
 d - a +0 dagger (weapon)
Missiles
 p - 3 poisoned darts
Armour
 a - a +0 robe (worn)
 k - a scarf of shadows
 n - a +2 pair of gloves (worn)
Jewellery
 v - a +4 ring of protection (left hand)
Scrolls
 c - 4 scrolls of identify {unknown}
 e - a scroll of vulnerability {unknown}
 f - a scroll of teleportation {unknown}
 g - a scroll of noise {unknown}
 h - a scroll of fear {unknown}
 i - a scroll of torment {unknown}
 o - a scroll of blinking {unknown}
 s - a scroll of amnesia {unknown}
Potions
 b - a potion of magic
 j - 2 potions of mutation {unknown}
 l - 2 potions of attraction {unknown}
 m - 3 potions of curing {unknown}
 q - a potion of cancellation {unknown}
 r - a potion of resistance {unknown}
 t - a potion of lignification {unknown}
 u - a potion of might {unknown}


   Skills:
 - Level 1.7 Dodging
 - Level 1.7 Stealth
 - Level 2.5 Spellcasting
 * Level 4.8 Ice Magic


You had one spell level left.
You knew the following spells:

 Your Spells              Type           Power      Damage    Failure   Level
a - Freeze                Ice            72%        1d8       2%          1
o - Ozocubu's Armour      Ice            18%        N/A       8%          3
r - Frozen Ramparts       Ice            36%        1d6       8%          3

Your spell library contained the following spells:

 Spells                   Type           Power      Damage    Failure   Level
 Summon Ice Beast         Ice/Summ       10%        N/A       56%         4


Dungeon Overview and Level Annotations

Branches:
Dungeon (4/15)
 Temple: D:4-7


Innate Abilities, Weirdness & Mutations

You have an increased reservoir of magic. (+10% MP)
You shall have no god before yourself.
Your divine heritage dramatically boosts your attributes as you level up.


Message History

The helpless ogre fails to defend itself.
You puncture the ogre!
The ogre is moderately wounded.
The ogre closely misses you.
Casting: Freeze (safe; 2% risk of failure)
Confirm with . or Enter, or press ? or * to list all spells.
The spell is quite dangerous to miscast (8% risk of failure)!
Continue anyway? [Y]es or [N]o only, please.
The spell is quite dangerous to miscast (8% risk of failure)!
Continue anyway? [Y]es or [N]o only, please.
The spell is quite dangerous to miscast (8% risk of failure)!
Continue anyway?
A film of ice covers your body!
The ogre hits you with a +0 giant spiked club!
Casting: Ozocubu's Armour (quite dangerous; 8% risk of failure)
Confirm with . or Enter, or press ? or * to list all spells.
The spell is quite dangerous to miscast (8% risk of failure)!
Continue anyway?
Casting: Frozen Ramparts (quite dangerous; 8% risk of failure)
Press: ? - help, Dir - look around, f - activate A stone staircase leading up.
The walls around you are covered in ice.
Casting: Frozen Ramparts (quite dangerous; 8% risk of failure)
Confirm with . or Enter, or press ? or * to list all spells.
Aiming: Freeze (safe; 2% risk of failure)
Press: ? - help, Shift-Dir - straight line, f - ogre
Aim: an ogre, wielding a +0 giant spiked club (moderately wounded)
You freeze the ogre.
The ogre is moderately wounded.
The wall freezes the ogre.
The ogre misses you.
Unknown command.
Casting: Freeze (safe; 2% risk of failure)
Confirm with . or Enter, or press ? or * to list all spells.
Aiming: Freeze (safe; 2% risk of failure)
Press: ? - help, Shift-Dir - straight line, f/p - ogre
Aim: an ogre, wielding a +0 giant spiked club (heavily wounded)
You freeze the ogre.
The ogre is severely wounded.
The wall freezes the ogre.
The ogre hits you with a +0 giant spiked club!!
Ouch! That really hurt!
You die...

. .. .#.
....##
....#####
#.O...#
#..@..#
#........#
....#.....#
### #.....#
..##### ###


You could see an ogre.

Vanquished Creatures
  2 adders (D:3)
  2 worms
  6 endoplasms
  4 giant cockroaches
  7 goblins
  8 hobgoblins
  4 kobolds
  A quokka (D:2)
  5 ball pythons
  7 bats
  2 frilled lizards
  6 rats
54 creatures vanquished.

Notes
Turn   | Place    | Note
-------+----------+-------------------------------------------
     0 | D:1      | avis the Demigod Ice Elementalist began the quest for the
                  | Orb.
     0 | D:1      | Reached XP level 1. HP: 14/14 MP: 5/5
   168 | D:1      | Reached skill level 4 in Ice Magic
   254 | D:1      | Reached XP level 2. HP: 20/20 MP: 2/7
  1355 | D:2      | Reached XP level 3. HP: 22/26 MP: 3/8
  2209 | D:3      | Learned a level 3 spell: Frozen Ramparts
  2213 | D:3      | Learned a level 3 spell: Ozocubu's Armour
  2811 | D:3      | Reached XP level 4. HP: 31/33 MP: 1/10
  2981 | D:4      | Noticed an ogre
  2986 | D:4      | Mangled by an ogre

Illustrated notes

Levels and vault maps discovered:
D:1:      lemuel_arrival_broad_hall, layout_basic, ebering_ecumenical_altar_rust
D:2:      layout_loops_ring, grunt_ministairs_9
D:3:      layout_rooms
D:4:      layout_loops_cross

Skill      XL: |  1 |
---------------+----+-----
Ice Magic      | 4 |  4.8
Spellcasting   | 2 |  2.5
Dodging        | |  1.7
Stealth        | |  1.7

Action                   |  1- 3 |  4- 6 || total
-------------------------+-------+-------++-------
Melee: Dagger            |    12 |     1 ||    13
 Cast: Freeze            |    78 |     2 ||    80
       Ozocubu's Armour  |     1 |     1 ||     2
       Frozen Ramparts   |     1 |     1 ||     2
 Stab: Sleeping          |     4 |     1 ||     5
Armor: Robe              |    13 |       ||    13
Dodge: Dodged            |    36 |     2 ||    38

Table legend: (Time is in decaauts)
 A = Elapsed time spent in this place.
 B = Non-inter-level travel time spent in this place.
 C = Inter-level travel time spent in this place.
 D = Time resting spent in this place.
 E = Time spent auto-exploring this place.
 F = Levels seen in this place.
 G = Mean time per level.
                   A        B        C        D        E       F      G
               +--------+--------+--------+--------+--------+-----+--------+
         Total |   2987 |   2592 |    395 |    782 |   1111 |   4 |  746.8 |
       Dungeon |   2987 |   2592 |    395 |    782 |   1111 |   4 |  746.8 |
               +--------+--------+--------+--------+--------+-----+--------+

Top non-repeatable levels by time:
     D:1: 1379 daAuts
     D:2: 916 daAuts
     D:3: 671 daAuts
     D:4: 20 daAuts
